 Dungeon Crawl Stone Soup version 0.27-a0-1290-g15d3ce7508 (webtiles) character file.

Game seed: 10934694976208273506

78 HAL9000 the Changer (level 4, 0/35 HPs)
             Began as a Draconian Transmuter on June 15, 2021.
             Succumbed to an orc wizard's poison
             ... on level 3 of the Dungeon.
             The game lasted 00:03:07 (2247 turns).

HAL9000 the Changer (Draconian Transmuter)          Turns: 2247, Time: 00:03:07

Health: 0/35       AC:  5    Str: 11 (12) XL:     4   Next: 15%
Magic:  7/7        EV: 12    Int: 14 (15) God:
Gold:   104        SH:  0    Dex:  9 (11) Spells: 1/7 levels left

rFire    . . .     SeeInvis .     - Unarmed
rCold    . . .     Faith    .   (no shield)
rNeg     . . .     Spirit   .   (armour unavailable)
rPois    .         Reflect  .   (helmet restricted)
rElec    .         Harm     .   (no cloak)
rCorr    .         Rampage  .   (no gloves)
Will     .....                  (no boots)
Stlth    +.........             (no amulet)
HPRegen  0.11/turn              (no ring)
MPRegen  0.10/turn              (no ring)

@: lethally poisoned (0 -> -5)
A: AC +5, unfitting armour, cold-blooded
a: no special abilities


You were on level 3 of the Dungeon.
You visited 1 branch of the dungeon, and saw 3 of its levels.

You collected 104 gold pieces.

Inventory:

Magical Staves
 e - a staff of fire
Scrolls
 b - a scroll of brand weapon {unknown}
 f - a scroll of summoning {unknown}
 h - a scroll of enchant weapon {unknown}
Potions
 c - a potion of curing {unknown}
 d - 2 potions of might {unknown}
 g - a potion of attraction {unknown}


   Skills:
 - Level 1.1 Fighting
 - Level 1.7 Dodging
 - Level 3.0 Unarmed Combat
 - Level 2.0 Spellcasting
 + Level 4.5 Transmutations


You had one spell level left.
You knew the following spells:

 Your Spells              Type           Power      Damage    Failure   Level
a - Beastly Appendage     Tmut           28%        N/A       3%          1
b - Wereblood             Tmut           14%        N/A       5%          2
c - Spider Form           Tmut/Pois      3%         N/A       28%         3

Your spell library contained the following spells:

 Spells                   Type           Power      Damage    Failure   Level
 Magic Dart               Conj           4%         1d3       24%         1
 Gell's Gravitas          Tloc           0%         N/A       56%         3
 Ice Form                 Ice/Tmut       7%         N/A       67%         4
 Iskenderun's Mystic Bla  Conj/Tloc      1%         2d3       93%         4
 Freezing Cloud           Conj/Ice/Air   0%         6-21      100%        5
 Spellforged Servitor     Conj/Summ      0%         N/A       100%        7


Dungeon Overview and Level Annotations

Branches:
Dungeon (3/15)

Altars:

Annotations:
D:3 1 runed translucent door, Polar's ghost, amateur GnFi


Innate Abilities, Weirdness & Mutations

Your plain brown scales are hard. (AC +5)
You cannot fit into any form of body armour.
You are cold-blooded and may be slowed by cold attacks.


Message History

The orc wizard shouts!
You hear a shout!
An orc priest comes into view. It is wielding a +0 whip.
The orc priest shouts!
An orc wizard comes into view. It is wielding a +0 dagger.
The orc wizard shouts!
An orc comes into view. It is wielding a +0 short sword.
You closely miss the orc wizard.
The orc shouts!
The orc wizard gestures wildly while chanting.
The orc wizard flickers and vanishes!
Deactivating autopickup; reactivate with Ctrl-A.
You closely miss the orc wizard.
An orc priest comes into view. It is wielding a +0 trident.
The orc wizard gestures at you while chanting.
You resist with some effort.
You hit the orc wizard.
The orc wizard is moderately wounded.
The orc wizard completely misses you.
The orc priest calls down the wrath of Beogh upon you.
Beogh smites you! The orc wizard misses you.
The orc wizard hits you with a +2 dagger of venom.
You are poisoned.
The orc priest hits you with a +0 whip.
* * * LOW HITPOINT WARNING * * *
* * * LOW HITPOINT WARNING * * *
You feel very sick. The orc wizard completely misses you.
The orc priest mumbles some strange prayers to Beogh against you.
You barely resist.
* * * LOW HITPOINT WARNING * * *
You feel sick.
The orc wizard mumbles some strange words.
The orc wizard flickers and vanishes!
* * * LOW HITPOINT WARNING * * *
You feel sick.
It was a potion of degeneration.
There was something very wrong with that liquid.
You feel weakened.
You feel dopey.
You feel clumsy.
You die...

#.#.# #.# #.#.##≈#.#
#.#..#(#.##
######....#≈#..############
..........#W#..'........)..
.....o....#S#..############
#######o{o#S#..# #...#+#..#
#...@....# #........#
##########


You could see 2 orc priests, Polar's ghost, 2 adders and an orc.

Vanquished Creatures
  An orc wizard (D:3)
  4 orcs (D:3)
  2 bats
  3 endoplasms
  2 giant cockroaches
  A goblin (D:2)
  5 hobgoblins (D:2)
  10 jackals
  2 quokkas
  6 ball pythons
  A frilled lizard (D:2)
  3 kobolds
  2 rats
42 creatures vanquished.

Notes
Turn   | Place    | Note
-------+----------+-------------------------------------------
     0 | D:1      | HAL9000 the Draconian Transmuter began the quest for the
                  | Orb.
     0 | D:1      | Reached XP level 1. HP: 16/16 MP: 3/3
   197 | D:1      | Reached XP level 2. HP: 22/23 MP: 3/5
   264 | D:1      | Reached skill level 3 in Transmutations
   470 | D:1      | Identified Gaocid's Volume of the Destructive Compass
  1046 | D:2      | Learned a level 2 spell: Wereblood
  1377 | D:2      | Reached XP level 3. HP: 26/28 MP: 4/6
  1461 | D:2      | Learned a level 3 spell: Spider Form
  1763 | D:3      | Reached skill level 4 in Transmutations
  1763 | D:3      | Reached XP level 4. HP: 10/35 MP: 4/7
  2214 | D:3      | Found a runed translucent door.
  2228 | D:3      | Noticed Polar's ghost (amateur GnFi)
  2247 | D:3      | Succumbed to an orc wizard's poison

Illustrated notes

Levels and vault maps discovered:
D:1:      saegor_arrival_simple_a, layout_rooms, hangedman_decor_opposing
D:2:      layout_basic
D:3:      layout_basic, ebering_ghost_sewer_d

Skill      XL: |  1  2  3 |
---------------+----------+-----
Transmutations | 3 4 |  4.5
Fighting       | |  1.1
Dodging        | |  1.7
Unarmed Combat | |  3.0
Spellcasting   | |  2.0

Action                   |  1- 3 |  4- 6 || total
-------------------------+-------+-------++-------
Melee: Unarmed           |   113 |    14 ||   127
       Kick              |    16 |       ||    16
       Headbutt          |     4 |       ||     4
       Tailslap          |     8 |       ||     8
       Punch             |     1 |       ||     1
 Cast: Beastly Appendage |    15 |       ||    15
       Spider Form       |     1 |     1 ||     2
  Use: Potion            |       |     1 ||     1
Armor: Skin              |    36 |     1 ||    37
Dodge: Dodged            |    82 |     8 ||    90

Table legend: (Time is in decaauts)
 A = Elapsed time spent in this place.
 B = Non-inter-level travel time spent in this place.
 C = Inter-level travel time spent in this place.
 D = Time resting spent in this place.
 E = Time spent auto-exploring this place.
 F = Levels seen in this place.
 G = Mean time per level.
                   A        B        C        D        E       F      G
               +--------+--------+--------+--------+--------+-----+--------+
         Total |   2240 |   2206 |     34 |    565 |   1347 |   3 |  746.7 |
       Dungeon |   2240 |   2206 |     34 |    565 |   1347 |   3 |  746.7 |
               +--------+--------+--------+--------+--------+-----+--------+

Top non-repeatable levels by time:
     D:2: 1484 daAuts
     D:1: 601 daAuts
     D:3: 155 daAuts
